 Dungeon Crawl Stone Soup version 0.29.0-4-gdea44cf6ec (webtiles) character file.

Game seed: 3726462455005670758

79 qw the Chopper (level 4, -2/26 HPs)
             Began as a Tengu Warper on Aug 28, 2022.
             Frozen to death by an endoplasm (5 damage)
             ... on level 2 of the Dungeon.
             The game lasted 00:00:08 (1911 turns).

qw the Chopper (Tengu Warper)                       Turns: 1911, Time: 00:00:08

Health: -2/26      AC:  8    Str: 19    XL:     4   Next: 37%
Magic:  8/8        EV:  8    Int: 14    God:
Gold:   68         SH:  0    Dex: 13    Spells: 7/7 levels left

rFire   . . .      SeeInvis .   Y - +0 hand axe
rCold   . . .      Faith    .   (no shield)
rNeg    . . .      Spirit   .   e - +0 chain mail
rPois   .          Reflect  .   (helmet restricted)
rElec   .          Harm     .   (no cloak)
rCorr   .          Rampage  .   (no gloves)
Will    .....                   (boots unavailable)
Stlth   ..........              (no amulet)
HPRegen 0.08/turn               b - +6 ring of strength
MPRegen 0.11/turn               (no ring)

@: no status effects
A: beak, talons 3
a: no special abilities


You were on level 2 of the Dungeon.
You visited 1 branch of the dungeon, and saw 2 of its levels.

You collected 68 gold pieces.


Innate Abilities, Weirdness & Mutations

You have a beak for a mouth.
You have claws for feet.


   Skills:
 - Level 2.0 Fighting
 + Level 4.9 Axes
 - Level 1.0 Throwing
 - Level 1.1 Armour
 - Level 2.1 Dodging
 - Level 2.0 Spellcasting
 - Level 2.4 Translocations


You had 7 spell levels left.
You didn't know any spells.
Your spell library contained the following spells:

 Spells                   Type           Power      Damage    Failure   Level
 Blink                    Tloc           16%        N/A       87%         2
 Gell's Gravitas          Tloc           8%         N/A       98%         3
 Lesser Beckoning         Tloc           8%         N/A       98%         3
 Teleport Other           Tloc           8%         N/A       98%         3
 Manifold Assault         Tloc           8%         N/A       100%        5

Inventory:

Hand Weapons
 h - a +0 club
 Y - a +0 hand axe (weapon)
Armour
 e - a +0 chain mail (worn)
Jewellery
 b - a +6 ring of strength (left hand)
Scrolls
 a - a scroll of vulnerability {unknown}
Potions
 i - a potion of cancellation {unknown}
 j - a potion of degeneration {unknown}

Dungeon Overview and Level Annotations

Branches:
Dungeon (2/15)

Altars:
The Shining One


Message History

You kill the adder!
The ball python bites you but does no damage.
The ball python constricts you.
You have reached level 4!
You feel clever.
You barely miss the ball python.
The ball python is heavily wounded.
You hit the gnoll but do no damage. The ball python bites you.
The ball python constricts you. The gnoll hits you with a +0 club.
You slash the ball python!
You kill the ball python!
You hit the gnoll. The gnoll hits you with a +0 club.
You hit the gnoll. You claw the gnoll. You peck the gnoll. You punch the gnoll.
You kill the gnoll!
You start resting.
An endoplasm comes into view.
1902 ||| FLEEEEING.
Things that are here:
a +0 club; a gnoll corpse; an adder corpse You hit the endoplasm.
Your kick misses the endoplasm.
The endoplasm is almost dead.
The endoplasm freezes you.
You are frozen.
You hit the endoplasm but do no damage.
The endoplasm is almost dead.
An endoplasm comes into view.
The endoplasm freezes you.
You are frozen.
You hit the endoplasm.
You kill the endoplasm!
You barely miss the endoplasm. The endoplasm hits you.
You barely miss the endoplasm.
You claw the endoplasm, but do no damage.
You peck the endoplasm.
The endoplasm is severely wounded.
The endoplasm freezes you.
You are frozen.
You die...

###.### #.# ##.## . #.#
#...# .. ####.####
#...# ... #.......#
#...# g...
#.#...#.######...##
#..##.......##.........
#.....J....%...........
#)@#....##.........
#.###.#.####.#...#.
#..#....# #.#...#.
###.#.### #.#...#.
###.# #.#...#. #.#
#.##.##. ..# #.......
### ####.###
..#####.###


You could see an endoplasm.

Vanquished Creatures
  3 gnolls (D:2)
  An adder (D:2)
  A worm (D:2)
  2 dart slugs (D:1)
  2 bats (D:1)
  3 endoplasms (D:2)
  4 giant cockroaches
  7 hobgoblins
  2 kobolds (D:1)
  A quokka (D:1)
  3 ball pythons
  A frilled lizard (D:2)
  A goblin (D:1)
  A rat (D:2)
32 creatures vanquished.

Notes
Turn   | Place    | Note
-------+----------+-------------------------------------------
     0 | D:1      | qw the Tengu Warper began the quest for the Orb.
     0 | D:1      | Reached XP level 1. HP: 12/12 MP: 4/4
     0 | D:1      | 0 ||| qw: Version: 0.1-a-89-g26bdef1
     0 | D:1      | 0 ||| qw: Game counter: 1037
     0 | D:1      | 0 ||| qw: Always use a shield: true
     0 | D:1      | 0 ||| qw: God list: Okawaru
     0 | D:1      | 0 ||| qw: Allow faded altars: false
     0 | D:1      | 0 ||| qw: Do Orc after D:15 true
     0 | D:1      | 0 ||| qw: Do second Lair branch before Depths: true
     0 | D:1      | 0 ||| qw: Lair rune preference: random
     0 | D:1      | 0 ||| qw: Plans: Normal
     0 | D:1      | 0 ||| PLANNING D:1-11
    44 | D:1      | 44 ||| UPGRADING to +0 chain mail.
   200 | D:1      | 200 ||| DROPPING +0 leather armour.
   232 | D:1      | Reached XP level 2. HP: 7/17 MP: 6/6
   233 | D:1      | Reached skill level 3 in Axes
   617 | D:1      | 617 ||| Stepping ~*~*~tactically~*~*~ (hiding).
   826 | D:1      | Reached XP level 3. HP: 8/21 MP: 7/7
  1186 | D:1      | Found a faded altar of an unknown god.
  1326 | D:1      | 1326 ||| UPGRADING to +6 ring of strength.
  1327 | D:1      | 1327 ||| DROPPING ring of magical power.
  1328 | D:1      | 1328 ||| READING scroll labelled ITUHAAXUIF.
  1329 | D:1      | 1329 ||| READING scroll labelled GUADYO KYNTUOCH.
  1330 | D:1      | 1330 ||| READING scroll labelled DUIXUN FUROKEO.
  1331 | D:1      | 1331 ||| DROPPING scroll of blinking.
  1332 | D:1      | 1332 ||| Stepping randomly (stuck).
  1333 | D:1      | 1333 ||| Stepping ~*~*~tactically~*~*~ (cloud).
  1339 | D:1      | HP: 5/21 [poisoned by you (poison gas)]
  1631 | D:2      | Found a glowing golden altar of the Shining One.
  1714 | D:2      | Reached skill level 4 in Axes
  1876 | D:2      | 1876 ||| Stepping ~*~*~tactically~*~*~ (stealth).
  1891 | D:2      | Reached XP level 4. HP: 13/26 MP: 8/8
  1892 | D:2      | HP: 6/26 [gnoll/+0 club (5)]
  1902 | D:2      | 1902 ||| FLEEEEING.
  1903 | D:2      | HP: 5/26 [frozen (2)]
  1910 | D:2      | HP: 3/26 [endoplasm (2)]
  1911 | D:2      | Frozen to death by an endoplasm

Levels and vault maps discovered:
D:1:      heliophobic_arrival_dark_side_of_the_moon, layout_basic, serial_glass,
          glass_columns_a, glass_columns_a, glass_columns_a, glass_columns_b,
          glass_columns_c, glass_columns_b,
          shapermc_ecumenical_altar_mp_highgroup, serial_park_tiny_2
D:2:      layout_loops_cross, basic_altar

Skill      XL: |  1  2  3 |
---------------+----------+-----
Axes           | 3 4 |  4.9
Fighting       | |  2.0
Throwing       | |  1.0
Armour         | |  1.1
Dodging        | |  2.1
Spellcasting   | |  2.0
Translocations | |  2.4

Action                   |  1- 3 |  4- 6 || total
-------------------------+-------+-------++-------
Melee: Hand axe          |    69 |     8 ||    77
       Kick              |    20 |     2 ||    22
       Peck              |    16 |     2 ||    18
       Punch             |       |     1 ||     1
Throw: Boomerang         |     7 |       ||     7
  Use: Scroll            |     3 |       ||     3
Armor: Chain mail        |    44 |       ||    44
Dodge: Dodged            |    19 |       ||    19

Table legend:
 A = Non-vault XP
 B = Vault XP
 C = Vault XP percentage of total XP
 D = Non-vault monster count
 E = Vault monster count
 F = Vault count percentage of total count
                 A         B        C        D         E       F
            +---------+---------+-------+---------+---------+-------
      Total |     113 |       0 |   0.0 |      32 |       0 |   0.0
            +---------+---------+-------+---------+---------+-------
        D:1 |      37 |       0 |   0.0 |      19 |       0 |   0.0
        D:2 |      76 |       0 |   0.0 |      13 |       0 |   0.0
            +---------+---------+-------+---------+---------+-------
